 Dungeon Crawl Stone Soup version 0.26-a0-660-gc07710193c (webtiles) character file.

Game seed: 15896734097712786841

189 tom967 the Caller (level 5, -26/38 HPs)
             Began as a Demigod Summoner on Oct 7, 2020.
             Killed from afar by a hound (38 damage)
             ... with an exploding inner flame
             ... summoned by the player character
             ... hexed by the player character
             ... on level 4 of the Dungeon.
             The game lasted 00:27:26 (4675 turns).

tom967 the Caller (Demigod Summoner)                Turns: 4675, Time: 00:27:28

Health: -26/38     AC:  5    Str: 11    XL:     5   Next: 16%
Magic:  2/12       EV: 13    Int: 21    God:
Gold:   112        SH:  0    Dex: 16    Spells: 4/10 levels left

rFire    . . .     SeeInvis .   o - +4 quarterstaff (chaos)
rCold    . . .     Faith    .   (shield currently unavailable)
rNeg     . . .     Spirit   .   a - +0 robe
rPois    .         Reflect  .   (no helmet)
rElec    .         Harm     .   p - +2 cloak {rCorr}
rCorr    +         Rampage  .   (no gloves)
MR       .....                  (no boots)
Stlth    ++........             (no amulet)
HPRegen  0.12/turn              (no ring)
MPRegen  0.13/turn              (no ring)

@: very slightly contaminated
A: high mp 1
a: no special abilities


You were on level 4 of the Dungeon.
You visited 1 branch of the dungeon, and saw 4 of its levels.

You collected 112 gold pieces.

Inventory:

Hand Weapons
 b - a +0 dagger
 m - a +0 rapier
 o - a +4 quarterstaff of chaos (weapon)
 r - a +0 shortbow
Missiles
 f - 39 sling bullets
 h - 85 stones (quivered)
 q - 24 arrows
Armour
 a - a +0 robe (worn)
 p - a +2 cloak of preservation (worn)
Magical Staves
 c - an uncursed staff of cold
Scrolls
 g - 3 scrolls of noise
 i - 2 scrolls of immolation
 j - 2 scrolls of identify {unknown}
 k - a scroll of enchant armour {unknown}
 l - a scroll of remove curse {unknown}
 n - 2 scrolls of amnesia {unknown}
Potions
 d - a potion of lignification {unknown}
 e - a potion of heal wounds {unknown}


   Skills:
 * Level 1.8 Staves
 - Level 2.2 Dodging
 - Level 1.7 Stealth
 * Level 3.1 Spellcasting
 * Level 4.7 Summonings


You had 4 spell levels left.
You knew the following spells:

 Your Spells              Type           Power        Failure   Level
a - Summon Small Mammal   Summ           ###.         1%          1
b - Call Imp              Summ           ###.....     3%          2
c - Call Canine Familiar  Summ           ###.....     6%          3

Your spell library contained the following spells:

 Spells                   Type           Power        Failure   Level
 Summon Guardian Golem    Hex/Summ       ##......     16%         3
 Summon Ice Beast         Ice/Summ       ##......     45%         4
 Summon Lightning Spire   Summ/Air       ##......     45%         4


Dungeon Overview and Level Annotations

Branches:
Dungeon (4/15)
 Temple: D:4-7


Innate Abilities, Weirdness & Mutations

You have an increased reservoir of magic. (+10% MP)


Message History

The fiery explosion engulfs the gnoll!!!
The gnoll explodes!
The fiery explosion engulfs the gnoll!
The gnoll explodes!
The fiery explosion engulfs the gnoll!!!
The gnoll explodes!
The fiery explosion engulfs your crimson imp.
Your crimson imp completely resists.
Your crimson imp is severely wounded.
The fiery explosion engulfs the gnoll shaman!!
The gnoll shaman explodes!
The fiery explosion engulfs your crimson imp.
Your crimson imp completely resists.
Your crimson imp is severely wounded.
The fiery explosion engulfs you!
The fiery explosion engulfs your hound!!!
Your hound explodes!
The fiery explosion engulfs you!!!
Ouch! That really hurt!
You die...

. # ..#+#§
+...§§####
....§○§§.#
....§5○@§#
.....§§§.#
......§5§#
.....#####
..... ....
+##


You could see a friendly crimson imp (summoned, inner flame) and a friendly
white imp (summoned, inner flame).

Vanquished Creatures
  Natasha (twice) (D:3)
  An adder (D:3)
  2 gnolls (D:4)
  A river rat (D:3)
  An ooze (D:2)
  A worm (D:3)
  A dart slug (D:3)
  2 leopard geckos (D:3)
  3 orcs (D:3)
  3 bats
  5 giant cockroaches (D:3)
  2 goblins
  4 hobgoblins (D:3)
  2 jackals (D:3)
  A kobold (D:3)
  A frilled lizard (D:2)
  A rat (D:3)
33 creatures vanquished.

Vanquished Creatures (collateral kills)
  Crazy Yiuf (D:2)
  Natasha (D:3)
  A gnoll (D:4)
  A dart slug (D:3)
  4 leopard geckos
  An orc (D:3)
  3 bats
  2 giant cockroaches
  5 goblins
  2 hobgoblins
  2 quokkas (D:2)
  A ball python (D:2)
  A frilled lizard (D:2)
  3 kobolds (D:2)
  4 rats
32 creatures vanquished.

Grand Total: 65 creatures vanquished

Notes
Turn   | Place    | Note
-------+----------+-------------------------------------------
     0 | D:1      | tom967 the Demigod Summoner began the quest for the Orb.
     0 | D:1      | Reached XP level 1. HP: 14/14 MP: 5/5
   580 | D:2      | Reached XP level 2. HP: 4/20 MP: 2/7
   621 | D:2      | HP: 1/20 [leopard gecko (3)]
  1030 | D:2      | Learned a level 2 spell: Call Imp
  1115 | D:2      | Found a radiant altar of Vehumet.
  1360 | D:2      | Reached skill level 4 in Summonings
  1361 | D:2      | Found an iron altar of Okawaru.
  1863 | D:2      | Found a runed translucent door.
  1863 | D:2      | Noticed Crazy Yiuf
  1928 | D:2      | Killed Crazy Yiuf
  1928 | D:2      | Reached XP level 3. HP: 26/26 MP: 1/9
  2384 | D:3      | Learned a level 3 spell: Call Canine Familiar
  2684 | D:3      | Noticed Natasha
  2696 | D:3      | Killed Natasha
  2696 | D:3      | Reached XP level 4. HP: 2/33 MP: 2/10
  3138 | D:3      | Reached skill level 1 in Staves
  3730 | D:3      | Noticed Natasha
  3738 | D:3      | Killed Natasha
  4291 | D:3      | Noticed Natasha
  4337 | D:3      | Killed Natasha
  4337 | D:3      | Reached XP level 5. HP: 27/38 MP: 2/12
  4675 | D:4      | Killed from afar by a hound

Illustrated notes

Levels and vault maps discovered:
D:1:      mrwooster_arrival_statue_3, layout_basic, minmay_pentomino_p4
D:2:      layout_rooms, nicolae_overflow_crystal_walls,
          okawaru_metal_pillars_1_2, uniq_crazy_yiuf_cottage
D:3:      layout_rooms, gup_sewer_entry_bubbles, uniq_natasha
D:4:      layout_basic, nicolae_tso_besieged_by_evil, kennysheep_mini_moat,
          nicolae_overflow_hidden_temple, nrook_loot_triangle,
          minmay_hollow_rounded_squares

Skill      XL: |  1  2  3  4 |
---------------+-------------+-----
Spellcasting   | 2 3 |  3.1
Dodging        | 2 |  2.2
Summonings     | 4 |  4.7
Staves         | 1 |  1.8
Stealth        | |  1.7

Action                   |  1- 3 |  4- 6 || total
-------------------------+-------+-------++-------
Melee: Staff             |    18 |       ||    18
       Dagger            |     5 |       ||     5
       Unarmed           |     1 |       ||     1
       Quarterstaff      |    25 |    52 ||    77
 Cast: Summon Small Mamm |    34 |     3 ||    37
       Call Imp          |    29 |    24 ||    53
       Call Canine Famil |     2 |     5 ||     7
  Use: Scroll            |     5 |     1 ||     6
 Stab: Distracted        |     1 |       ||     1
Armor: Robe              |    17 |     9 ||    26
Dodge: Dodged            |    84 |    39 ||   123

Table legend: (Time is in decaauts)
 A = Elapsed time spent in this place.
 B = Non-inter-level travel time spent in this place.
 C = Inter-level travel time spent in this place.
 D = Time resting spent in this place.
 E = Time spent auto-exploring this place.
 F = Levels seen in this place.
 G = Mean time per level.
                   A        B        C        D        E       F      G
               +--------+--------+--------+--------+--------+-----+--------+
         Total |   4757 |   4278 |    479 |   2334 |   1323 |   4 | 1189.2 |
       Dungeon |   4757 |   4278 |    479 |   2334 |   1323 |   4 | 1189.2 |
               +--------+--------+--------+--------+--------+-----+--------+

Top non-repeatable levels by time:
     D:3: 2401 daAuts
     D:2: 1881 daAuts
     D:1: 466 daAuts
     D:4: 8 daAuts
